General information
- name: BNet
- type: Ladder team game (AT/RT)
- host: Battle.net
- saver: shadradoo
map: MarketSquare
- players: 8
- length: 22:01
- speed: Fast
- version: 1.26 W3XP
- replay type: Public
» download(128 KB)
Players
team 1 (loser)

»
IWiN3vs3AllTiME (
purple | 48 APM | 1059 actions | 22:00)
6 Demon Hunter
3 Mana Burn
2 Evasion
1 Metamorphosis
» actions
| Assign group hotkey | 29 | |
| Build / train | 73 | |
| Enter build submenu | 15 | |
| Enter hero's abilities submenu | 7 | |
| Remove unit from queue | 1 | |
| Right click | 463 | |
| Select / deselect | 216 | |
| Select group hotkey | 221 | |
| Use ability | 34 | |
1059 total
» units
| Wisp | 10 | |
| Huntress | 8 | |
| Hippogryph | 8 | |
| Faerie Dragon | 5 | |
| Druid of the Talon | 16 | |
| Glaive Thrower | 8 | |
55 total
» upgrades
| Strength of the Wild | 2 | |
| Reinforced Hides | 2 | |
| Druid of the Talon Training | 2 | |
6 total
» buildings
| Altar of Elders | 1 | |
| Moon Well | 5 | |
| Hunter's Hall | 1 | |
| Ancient of War | 2 | |
| Ancient of Wonders | 1 | |
| Tree of Ages | 1 | |
| Tree of Eternity | 1 | |
| Ancient of Wind | 3 | |
| Tree of Life | 1 | |
16 total
» build order
00:07 Altar of Elders
00:08 Moon Well
01:36 Hunter's Hall
01:53 Ancient of War
02:04 Moon Well
02:16 Ancient of Wonders
02:35 Ancient of War
03:38 Moon Well
04:55 Tree of Ages
07:24 Tree of Eternity
07:27 Ancient of Wind
08:07 Moon Well
08:48 Ancient of Wind
10:16 Ancient of Wind
17:00 Moon Well
19:38 Tree of Life
» items
| Moonstone | 1 | |
| Dust of Appearance | 1 | |
2 total
Plzleavenoob (
teal | 61 APM | 1339 actions | 22:00)
5 Tauren Chieftain
3 Shockwave
2 Endurance Aura
4 Shadow Hunter
2 Healing Wave
2 Hex
» actions
| Assign group hotkey | 21 | |
| Basic commands | 147 | |
| Build / train | 58 | |
| Enter build submenu | 17 | |
| Enter hero's abilities submenu | 9 | |
| Remove unit from queue | 2 | |
| Right click | 460 | |
| Select / deselect | 213 | |
| Select group hotkey | 354 | |
| Use ability | 58 | |
1339 total
» units
| Peon | 6 | |
| Troll Headhunter/Berserker | 11 | |
| Grunt | 1 | |
| Shaman | 6 | |
| Demolisher | 2 | |
26 total
» upgrades
| Ranged Weapons | 3 | |
| Armor | 2 | |
| Troll Regeneration | 1 | |
| Shaman Training | 2 | |
| Berserker Upgrade | 1 | |
| Burning Oil | 1 | |
10 total
» buildings
| Altar of Storms | 1 | |
| War Mill | 1 | |
| Orc Burrow | 7 | |
| Barracks | 2 | |
| Voodoo Lounge | 1 | |
| Stronghold | 1 | |
| Fortress | 1 | |
| Spirit Lodge | 1 | |
| Great Hall | 2 | |
17 total
» build order
00:13 Altar of Storms
00:19 War Mill
00:27 Orc Burrow
01:33 Barracks
02:07 Voodoo Lounge
02:49 Barracks
03:26 Orc Burrow
04:10 Stronghold
04:43 Orc Burrow
07:12 Orc Burrow
08:06 Fortress
08:11 Orc Burrow
08:32 Spirit Lodge
11:54 Orc Burrow
14:16 Great Hall
16:17 Great Hall
21:58 Orc Burrow
» items
| Healing Salve | 2 | |
| Scroll of Speed | 1 | |
| Lesser Clarity Potion | 1 | |
| Scroll of Town Portal | 2 | |
| Potion of Healing | 1 | |
7 total
Roxark (
blue | 72 APM | 1593 actions | 22:00)
4 Keeper of the Grove
2 Force of Nature
2 Entangling Roots
3 Warden
2 Fan of Knives
1 Shadow Strike
» actions
| Assign group hotkey | 10 | |
| Build / train | 104 | |
| Enter build submenu | 21 | |
| Enter hero's abilities submenu | 7 | |
| Remove unit from queue | 19 | |
| Right click | 547 | |
| Select / deselect | 407 | |
| Select group hotkey | 422 | |
| Use ability | 56 | |
1593 total
» units
| Wisp | 36 | |
| Dryad | 7 | |
| Druid of the Claw | 5 | |
48 total
» upgrades
| Abolish Magic | 1 | |
| Ultravision | 1 | |
| Reinforced Hides | 3 | |
| Strength of the Wild | 3 | |
| Well Spring | 1 | |
| Nature's Blessing | 1 | |
| Druid of the Claw Training | 2 | |
| Mark of the Claw | 1 | |
| Moon Armor | 3 | |
| Strength of the Moon | 3 | |
| Backpack | 1 | |
| Hardened Skin | 1 | |
| Resistant Skin | 1 | |
| Druid of the Talon Training | 1 | |
| Hippogryph Taming | 1 | |
| Marksmanship | 1 | |
| Improved Bows | 1 | |
26 total
» buildings
| Altar of Elders | 1 | |
| Moon Well | 8 | |
| Tree of Ages | 1 | |
| Hunter's Hall | 2 | |
| Ancient of Lore | 4 | |
| Tree of Life | 3 | |
| Tree of Eternity | 1 | |
| Ancient of Wonders | 2 | |
| Ancient of Wind | 1 | |
| Ancient of War | 1 | |
24 total
» build order
00:16 Altar of Elders
00:21 Moon Well
01:39 Tree of Ages
01:56 Moon Well
02:46 Moon Well
02:51 Hunter's Hall
03:31 Moon Well
04:44 Ancient of Lore
05:23 Tree of Life
05:50 Ancient of Lore
09:34 Tree of Life
09:38 Tree of Eternity
09:47 Hunter's Hall
10:55 Ancient of Lore
10:56 Ancient of Lore
12:02 Moon Well
12:42 Moon Well
12:45 Moon Well
12:53 Moon Well
13:33 Tree of Life
14:28 Ancient of Wonders
14:33 Ancient of Wonders
20:30 Ancient of Wind
20:38 Ancient of War
iwinsometimes. (
yellow | 42 APM | 922 actions | 22:00)
5 Archmage
2 Summon Water Elemental
3 Brilliance Aura
4 Paladin
2 Holy Light
2 Devotion Aura
1 Goblin Tinker
1 Pocket Factory
» actions
| Assign group hotkey | 12 | |
| Build / train | 61 | |
| Enter build submenu | 16 | |
| Enter hero's abilities submenu | 10 | |
| Remove unit from queue | 3 | |
| Right click | 391 | |
| Select / deselect | 307 | |
| Select group hotkey | 71 | |
| Use ability | 51 | |
922 total
» units
| Peasant | 17 | |
| Footman | 3 | |
| Siege Engine | 2 | |
| Knight | 3 | |
25 total
» upgrades
| Swords | 2 | |
| Masonry | 1 | |
| Lumber Harvesting | 2 | |
| Barrage | 1 | |
| Animal War Training | 1 | |
| Plating | 1 | |
| Armor | 1 | |
| Gunpowder | 1 | |
| Flak Cannons | 1 | |
| Flying Machine Bombs | 1 | |
| Fragmentation Shards | 1 | |
| Flare | 1 | |
14 total
» buildings
| Altar of Kings | 1 | |
| Farm | 7 | |
| Lumber Mill | 2 | |
| Barracks | 3 | |
| Blacksmith | 1 | |
| Scout Tower | 6 | |
| Town Hall | 1 | |
| Guard Tower | 3 | |
| Keep | 1 | |
| Castle | 1 | |
| Workshop | 3 | |
29 total
» build order
00:23 Altar of Kings
00:39 Farm
01:31 Lumber Mill
02:09 Barracks
02:16 Barracks
02:19 Farm
02:21 Farm
02:21 Farm
02:22 Farm
02:22 Farm
03:20 Barracks
03:22 Blacksmith
04:48 Scout Tower
05:24 Town Hall
05:27 Guard Tower
06:41 Keep
06:44 Scout Tower
06:45 Scout Tower
06:47 Scout Tower
06:47 Scout Tower
06:49 Scout Tower
08:45 Guard Tower
09:43 Castle
10:26 Guard Tower
11:07 Workshop
11:08 Workshop
11:09 Workshop
12:37 Lumber Mill
team 2 (winner)
PC31 (
pink | 30 APM | 229 actions | 07:41)
2 Dark Ranger
1 Black Arrow
1 Life Drain
» actions
| Assign group hotkey | 4 | |
| Basic commands | 25 | |
| Build / train | 32 | |
| Enter build submenu | 12 | |
| Enter hero's abilities submenu | 2 | |
| Remove unit from queue | 3 | |
| Right click | 36 | |
| Select / deselect | 77 | |
| Select group hotkey | 24 | |
| Use ability | 14 | |
229 total
» units
» upgrades
| Strength of the Wild | 1 | |
| Reinforced Hides | 1 | |
2 total
» buildings
| Moon Well | 5 | |
| Ancient of War | 1 | |
| Altar of Elders | 1 | |
| Tree of Ages | 1 | |
| Hunter's Hall | 1 | |
| Ancient of Wind | 2 | |
| Tree of Eternity | 1 | |
12 total
» build order
00:30 Moon Well
00:46 Ancient of War
01:11 Altar of Elders
01:44 Moon Well
03:28 Tree of Ages
03:45 Moon Well
04:19 Hunter's Hall
06:18 Ancient of Wind
06:21 Ancient of Wind
06:42 Tree of Eternity
07:04 Moon Well
07:16 Moon Well
y.thank.u (
orange | 67 APM | 726 actions | 10:51)
1 Demon Hunter
1 Mana Burn
» actions
| Assign group hotkey | 11 | |
| Basic commands | 9 | |
| Build / train | 35 | |
| ESC pressed | 4 | |
| Enter build submenu | 13 | |
| Enter hero's abilities submenu | 1 | |
| Right click | 250 | |
| Select / deselect | 159 | |
| Select group hotkey | 199 | |
| Use ability | 45 | |
726 total
» units
| Wisp | 13 | |
| Huntress | 3 | |
| Druid of the Claw | 7 | |
23 total
» upgrades
| Druid of the Claw Training | 2 | |
| Strength of the Wild | 1 | |
3 total
» buildings
| Altar of Elders | 1 | |
| Moon Well | 4 | |
| Ancient of War | 1 | |
| Hunter's Hall | 1 | |
| Ancient of Wonders | 1 | |
| Tree of Ages | 1 | |
| Ancient Protector | 2 | |
| Ancient of Lore | 3 | |
| Tree of Eternity | 1 | |
15 total
» build order
00:06 Altar of Elders
00:10 Moon Well
01:39 Ancient of War
01:41 Hunter's Hall
02:03 Moon Well
02:25 Ancient of Wonders
03:18 Tree of Ages
03:27 Moon Well
04:55 Ancient Protector
04:59 Ancient Protector
05:51 Ancient of Lore
05:53 Ancient of Lore
06:14 Ancient of Lore
06:42 Moon Well
07:09 Tree of Eternity
shadradoo (
red | 74 APM | 1634 actions | 22:01)
8 Archmage
3 Blizzard
3 Brilliance Aura
1 Mass Teleport
1 Summon Water Elemental
» actions
| Assign group hotkey | 14 | |
| Basic commands | 22 | |
| Build / train | 87 | |
| Enter build submenu | 30 | |
| Enter hero's abilities submenu | 8 | |
| Give item / drop item | 1 | |
| Remove unit from queue | 4 | |
| Right click | 812 | |
| Select / deselect | 281 | |
| Select group hotkey | 271 | |
| Use ability | 104 | |
1634 total
» units
| Peasant | 11 | |
| Dragonhawk Rider | 6 | |
| Gryphon Rider | 3 | |
20 total
» upgrades
| Masonry | 3 | |
| Swords | 3 | |
| Armor | 3 | |
| Animal War Training | 1 | |
| Cloud | 1 | |
| Storm Hammers | 1 | |
| Lumber Harvesting | 1 | |
13 total
» buildings
| Altar of Kings | 1 | |
| Farm | 10 | |
| Arcane Vault | 1 | |
| Lumber Mill | 1 | |
| Scout Tower | 11 | |
| Arcane Tower | 2 | |
| Keep | 1 | |
| Guard Tower | 16 | |
| Blacksmith | 1 | |
| Castle | 1 | |
| Gryphon Aviary | 2 | |
| Barracks | 1 | |
| Workshop | 1 | |
| Cannon Tower | 2 | |
51 total
» build order
00:08 Altar of Kings
00:17 Farm
01:03 Arcane Vault
01:23 Farm
01:48 Lumber Mill
02:07 Scout Tower
02:18 Scout Tower
02:22 Scout Tower
02:33 Arcane Tower
02:33 Arcane Tower
03:09 Keep
03:11 Guard Tower
03:19 Guard Tower
03:53 Blacksmith
04:41 Farm
04:45 Farm
05:42 Castle
05:46 Gryphon Aviary
05:47 Gryphon Aviary
06:34 Scout Tower
06:48 Farm
06:54 Scout Tower
07:10 Guard Tower
07:10 Guard Tower
07:40 Guard Tower
07:56 Scout Tower
08:13 Barracks
08:40 Guard Tower
08:40 Guard Tower
10:21 Farm
10:24 Farm
12:46 Farm
13:13 Farm
16:20 Scout Tower
16:26 Scout Tower
16:29 Scout Tower
16:33 Farm
16:38 Scout Tower
16:53 Guard Tower
16:54 Guard Tower
16:58 Guard Tower
16:58 Guard Tower
17:10 Guard Tower
17:10 Guard Tower
17:11 Guard Tower
17:11 Guard Tower
17:33 Workshop
17:38 Scout Tower
18:39 Cannon Tower
18:39 Cannon Tower
» items
| Scroll of Regeneration | 4 | |
| Boots of Speed | 1 | |
| Periapt of Vitality | 2 | |
| Scroll of Town Portal | 1 | |
| Potion of Healing | 1 | |
9 total
chuckyb73 (
green | 30 APM | 200 actions | 06:42)
1 Demon Hunter
1 Immolation
» actions
| Build / train | 33 | |
| Enter build submenu | 8 | |
| Enter hero's abilities submenu | 1 | |
| Remove unit from queue | 2 | |
| Right click | 34 | |
| Select / deselect | 99 | |
| Use ability | 23 | |
200 total
» units
» upgrades
| Strength of the Wild | 1 | |
| Reinforced Hides | 1 | |
2 total
» buildings
| Altar of Elders | 1 | |
| Moon Well | 4 | |
| Ancient of War | 1 | |
| Hunter's Hall | 2 | |
| Tree of Ages | 2 | |
10 total
» build order
00:17 Altar of Elders
00:23 Moon Well
01:15 Moon Well
01:26 Ancient of War
02:12 Moon Well
02:45 Hunter's Hall
03:28 Hunter's Hall
04:07 Tree of Ages
04:07 Tree of Ages
04:38 Moon Well
Chat log
(00:16 / All) IWiN3vs3AllTiME: Ppl start copyin me xD
(00:29 / All) shadradoo: no you copied some people
(00:30 / All) y.thank.u: na
(00:39 / All) IWiN3vs3AllTiME: Wtf r u talking about
(00:43 / All) IWiN3vs3AllTiME: Im the first IWiN
(00:47 / All) shadradoo: wtf are you talking about?
(00:52 / All) shadradoo: no you arent
(00:59 / All) IWiN3vs3AllTiME: N My Friend IWiNSoloAllTiMe Is my Bf so we re the 1st
(01:00 / All) y.thank.u: lmao
(01:07 / All) y.thank.u: lol u gay to huh?
(01:10 / All) shadradoo: nah you are a sad loser
(01:12 / All) shadradoo: sorry
(01:22 / All) y.thank.u: u and ur boyfriend go somehweer else queer
(01:31 / All) shadradoo: do us a favor and QQ
(01:44 / All) IWiN3vs3AllTiME: Sure I will make u qq
(01:46 / Allies) PC31: guys
(01:49 / Allies) PC31: should we rush
(02:15 / Allies) y.thank.u: lol DH name is Painkiller
(02:30 / Allies) shadradoo: noob
(02:30 / Allies) shadradoo: lol
(02:46 / Allies) y.thank.u: 2 racks
(02:55 / All) iwinsometimes.: cock
(03:05 / All) iwinsometimes.: gj oj
(03:06 / All) y.thank.u: :(
(03:10 / All) y.thank.u: make me soso sad
(04:42 / Allies) y.thank.u: rifle hard
(04:48 / Allies) y.thank.u: u see?
(04:53 / All) shadradoo: 3 racks
(04:53 / Allies) PC31: yeah
(04:55 / All) shadradoo: this is new
(05:02 / Allies) PC31: get towers
(05:02 / All) iwinsometimes.: ?
(05:07 / All) shadradoo: u have
(05:09 / All) shadradoo: 3 rax
(05:18 / All) iwinsometimes.: i no its not new at all lol
(05:20 / Allies) y.thank.u: lost everything
(05:23 / All) shadradoo: it is
(05:23 / Allies) y.thank.u: lmao green
(05:30 / All) iwinsometimes.: no its not
(05:32 / All) y.thank.u: nvm yellow
(05:33 / All) IWiN3vs3AllTiME: I think YOu loosed a player
(05:36 / All) y.thank.u: green makes me sadder
(05:38 / All) iwinsometimes.: lol
(05:41 / All) y.thank.u: losing everything
(05:50 / All) IWiN3vs3AllTiME: N another
(05:59 / Allies) PC31: shit not all my units tped
(06:00 / All) iwinsometimes.: ur just a noob over all if u dont help and have not seen 3 raxes
(06:00 / All) IWiN3vs3AllTiME: Q
(06:01 / All) IWiN3vs3AllTiME: Q
(06:02 / All) IWiN3vs3AllTiME: QQ
(06:02 / All) IWiN3vs3AllTiME: QQ
(06:03 / All) IWiN3vs3AllTiME: QQ
(06:07 / All) IWiN3vs3AllTiME: RED SUCK DICK
(06:08 / All) IWiN3vs3AllTiME: FUCK RED
(06:10 / All) shadradoo: my team is awful >.>
(06:14 / All) IWiN3vs3AllTiME: U SUCK
(06:15 / All) IWiN3vs3AllTiME: Only u
(06:18 / All) shadradoo: lol?
(06:19 / All) IWiN3vs3AllTiME: Ur the noobest dude ever
(06:22 / All) shadradoo: we havent even faught yet
(06:24 / All) y.thank.u: lol red
(06:30 / All) IWiN3vs3AllTiME: QQ
(06:31 / All) IWiN3vs3AllTiME: RED
(06:33 / All) IWiN3vs3AllTiME: LETS GO
(06:34 / All) IWiN3vs3AllTiME: QQ
(06:35 / All) IWiN3vs3AllTiME: Q
(06:37 / All) shadradoo: yo uso angry
(06:37 / All) IWiN3vs3AllTiME: Q
(06:39 / All) y.thank.u: lol purpl lmao
(06:41 / All) shadradoo: DAMNIT
(06:42 / All) shadradoo: LOL
(06:50 / All) y.thank.u: dam green was terrible
(07:08 / All) IWiN3vs3AllTiME: Omg that makes my day
(07:11 / All) IWiN3vs3AllTiME: see Red QQ
(07:14 / All) IWiN3vs3AllTiME: I will appreciate it
(07:16 / All) shadradoo: i havent
(07:17 / All) shadradoo: yet
(07:25 / All) shadradoo: purp
(07:26 / All) shadradoo: just for you
(07:31 / All) shadradoo: im not going to QQ at all
(07:33 / All) shadradoo: :)
(07:41 / All) shadradoo: did you pass the 1st grade?
(07:41 / All) shadradoo: I WON YOU SO BAD
(07:43 / All) Roxark: buy better internet services
(07:44 / All) IWiN3vs3AllTiME: Thats what happen
(07:45 / All) Plzleavenoob: you should have massed hunts not archers. 3 ne too many archers on this map = lose
(07:47 / All) IWiN3vs3AllTiME: To ppl who talk shit
(07:49 / Allies) y.thank.u: we an beat them in battle red
(08:38 / All) IWiN3vs3AllTiME: Ur the noobest dude ever
(08:47 / All) shadradoo: you are the worst at grammar
(08:49 / All) shadradoo: sorry bro
(08:55 / All) IWiN3vs3AllTiME: Im not english
(08:58 / All) IWiN3vs3AllTiME: Atleast im decent
(09:05 / All) y.thank.u: im not english eaither
(09:06 / All) IWiN3vs3AllTiME: Try to talk my language well see
(09:08 / All) y.thank.u: this is american server
(09:14 / All) IWiN3vs3AllTiME: I from canada
(09:17 / All) IWiN3vs3AllTiME: French canadian
(09:17 / All) shadradoo: im sorry
(09:19 / All) shadradoo: :/
(09:32 / All) IWiN3vs3AllTiME: I dont give a damn about english anyway
(09:42 / All) y.thank.u: ur using it
(09:43 / All) shadradoo: you like maple sryup
(09:45 / All) shadradoo: and leaves
(09:46 / All) shadradoo: :/
(10:09 / All) shadradoo: LOL
(10:13 / All) shadradoo: NOOB
(10:20 / All) IWiN3vs3AllTiME: U think I want these hunts
(10:26 / All) shadradoo: TP OUT NOOB
(10:33 / All) IWiN3vs3AllTiME: Air vs hunts
(10:34 / All) y.thank.u: lol
(10:34 / All) IWiN3vs3AllTiME: LLOL
(10:39 / All) shadradoo: TP OUT
(10:40 / All) IWiN3vs3AllTiME: QQ mann
(10:41 / All) shadradoo: AGAIN
(10:42 / All) shadradoo: LOL
(10:43 / All) IWiN3vs3AllTiME: U waste ur time
(10:44 / All) shadradoo: SO BAD
(10:46 / All) y.thank.u: uy make me soso sad
(10:48 / All) y.thank.u: u all
(10:50 / All) IWiN3vs3AllTiME: U will have a loose on ur stats cause of us now
(10:59 / All) shadradoo: you mean a loss?
(11:05 / All) IWiN3vs3AllTiME: Oh yeah thanks
(11:09 / All) shadradoo: retard
(11:18 / All) IWiN3vs3AllTiME: NOOOB
(11:19 / All) IWiN3vs3AllTiME: LETS SEE
(11:20 / All) IWiN3vs3AllTiME: A TP
(11:22 / All) IWiN3vs3AllTiME: HAHAHAHA
(11:23 / All) IWiN3vs3AllTiME: AHAHAHAHAHAH
(11:25 / All) shadradoo: wow
(11:29 / All) IWiN3vs3AllTiME: U talk shit
(11:29 / All) shadradoo: you maphack and catch me creeping
(11:30 / All) shadradoo: gj
(11:35 / All) IWiN3vs3AllTiME: Oh yeah sure
(11:36 / All) IWiN3vs3AllTiME: I mh
(11:37 / All) IWiN3vs3AllTiME: Now
(11:39 / All) shadradoo: i know
(11:52 / All) shadradoo: sad liuve
(11:55 / All) IWiN3vs3AllTiME: U are probably the one who mh
(11:55 / All) shadradoo: life
(12:06 / All) IWiN3vs3AllTiME: Im so glad man I owned ur fuck talk shiters ass
(12:10 / All) shadradoo: cry me a river
(12:13 / All) IWiN3vs3AllTiME: Ur mad man
(12:15 / All) IWiN3vs3AllTiME: U r mad
(12:17 / All) shadradoo: you didnt own shit bro
(12:23 / All) IWiN3vs3AllTiME: Thats why u dont leave
(12:28 / All) IWiN3vs3AllTiME: U have alot of time to waste
(12:34 / All) shadradoo: yup
(12:37 / All) shadradoo: you got me
(13:45 / All) shadradoo: SO BAD
(13:53 / All) shadradoo: RUN
(13:55 / All) shadradoo: RUNNNNN
(13:57 / All) shadradoo: LOL
(14:00 / All) IWiN3vs3AllTiME: Go behind ur towers
(14:04 / All) shadradoo: RUN AWAY PUSSY
(14:10 / All) shadradoo: so easy
(14:11 / All) shadradoo: man
(14:14 / All) IWiN3vs3AllTiME: Anyway
(14:26 / All) IWiN3vs3AllTiME: I won it thx I have a smile now
(14:36 / All) shadradoo: too bad you still have a small penis :/
(14:36 / All) IWiN3vs3AllTiME: N u are u smiling atm ?
(14:39 / All) shadradoo: d
(15:17 / All) IWiN3vs3AllTiME: Listen to Teal aka plz
(15:28 / All) shadradoo: stop talking please
(15:30 / All) shadradoo: you are too bad
(15:32 / All) shadradoo: to speak to me
(15:38 / All) IWiN3vs3AllTiME: K allright
(17:08 / All) IWiN3vs3AllTiME: I give u them
(17:10 / All) IWiN3vs3AllTiME: Take it noob
(17:14 / All) shadradoo: lol
(17:21 / All) shadradoo: ty
(17:23 / All) shadradoo: please disconnect
(18:33 / All) shadradoo: lol
(20:30 / All) IWiN3vs3AllTiME: So nice to see a noob
(20:35 / All) IWiN3vs3AllTiME: getting owned
(20:41 / All) shadradoo: 4v1?
(20:45 / All) shadradoo: how can u even talk shit right now
(20:49 / All) IWiN3vs3AllTiME: So nice
(20:55 / All) shadradoo: i held off 4 guys
(20:57 / All) IWiN3vs3AllTiME: I dont talk to u dont talk to me NOOB
(20:59 / All) shadradoo: and you are talkin shit to me
(21:03 / All) shadradoo: lol
(21:08 / All) shadradoo: unbelievable
(21:09 / All) Plzleavenoob: gg
(21:16 / All) IWiN3vs3AllTiME: F12
(21:20 / All) shadradoo: nope
(21:24 / All) shadradoo: i dont alt QQ
(21:26 / All) shadradoo: like you
(21:37 / All) IWiN3vs3AllTiME: U like to see
(21:40 / All) IWiN3vs3AllTiME: What Im seeing atm
(21:47 / All) shadradoo: yes
(21:52 / All) shadradoo: some noobs getting a win
(21:59 / All) IWiN3vs3AllTiME: AND A LOOSER